 Dungeon Crawl Stone Soup version 0.20-a0-493-g19c8d8d (webtiles) character file.

357485 nono the Hoplite (level 23, 0/152 HPs)
             Began as a Halfling Fighter on Jan 16, 2017.
             Was the Champion of the Shining One.
             Killed by divine providence
             ... invoked by a greater mummy
              (16 damage)
             ... on level 1 of the Tomb of the Ancients on Jan 17, 2017.
             The game lasted 04:34:34 (43030 turns).

nono the Hoplite (Halfling Fighter)                Turns: 43030, Time: 04:34:35

Health: 0/152      AC: 40    Str: 24    XL:     23   Next: 76%
Magic:  19/31      EV: 19    Int: 11    God:    the Shining One [******]
Gold:   1600       SH: 19    Dex: 20    Spells: 25/29 levels left

rFire    + . .     SeeInvis .   b - +9 eudemon blade (holy)
rCold    . . .     Gourm    .   P - +4 crystal plate armour
rNeg     + + +     Faith    .   c - +1 shield
rPois    .         Spirit   .   w - +0 helmet
rElec    .         Reflect  .   p - +4 cloak of the Armoured One {rF+ Int+5 Dex+3}
rCorr    .         Harm     .   r - +1 pair of gloves
MR       +++..                  S - +0 pair of boots
Stlth    ..........             G - amulet of regeneration
Regen    0.8/turn               U - ring of protection from magic
                                M - ring of protection from magic

@: very slightly contaminated, hasted, glowing, very quick
A: mutation resistance 1
}: 1/15 runes: serpentine
a: Divine Shield, Cleansing Flame, Summon Divine Warrior, Renounce Religion


You were on level 1 of the Tomb of the Ancients.
You worshipped the Shining One.
The Shining One was exalted by your worship.
You were not hungry.

You visited 9 branches of the dungeon, and saw 37 of its levels.
You also visited: Bailey.

You collected 3553 gold pieces.
You spent 1953 gold pieces at shops.

Inventory:

Hand Weapons
 a - a +4 scimitar of flaming
 b - a +9 eudemon blade of holy wrath (weapon)
 C - a +4 scimitar of freezing
Armour
 c - a +1 shield (worn)
 p - the +4 cloak of the Armoured One (worn) {rF+ Int+5 Dex+3}
   (You found it on level 1 of the Vaults)

   It affects your intelligence (+5).
   It affects your dexterity (+3).
   It protects you from fire.
 r - a +1 pair of gloves (worn)
 w - a +0 helmet (worn)
 z - a +0 cloak of poison resistance
 P - a +4 crystal plate armour (worn)
 S - a +0 pair of boots (worn)
Jewellery
 h - an uncursed ring of ice
 x - the amulet "Fuv Own" {Spirit rF+}
   (You bought it in a shop on level 2 of the Orcish Mines)

   [amulet of guardian spirit]

   It causes incoming damage to be split between your health and magic.
   It protects you from fire.
 G - an amulet of regeneration (around neck)
 M - a ring of protection from magic (left hand)
 T - an uncursed ring of protection from cold
 U - a ring of protection from magic (right hand)
Wands
 l - a wand of confusion (19/48)
 m - a wand of flame (14/48)
 y - a wand of disintegration (2/24)
 A - a wand of digging (2/24)
 R - a wand of acid (0/15)
 W - a wand of confusion (20/48)
 Y - a wand of enslavement (9/24)
Scrolls
 i - 9 scrolls of remove curse
 k - 4 scrolls of recharging
 n - 12 scrolls of identify
 o - a scroll of fear
 s - 10 scrolls of fog
 t - 17 scrolls of teleportation
 I - 2 scrolls of silence
 K - 7 scrolls of enchant weapon
 Q - a scroll of summoning
 X - 4 scrolls of magic mapping
Potions
 e - 3 potions of agility
 q - 7 potions of magic
 u - 2 potions of berserk rage
 v - 9 potions of curing
 B - 4 potions of cure mutation
 D - 2 potions of cancellation
 F - 3 potions of haste
 L - a potion of resistance
 N - 5 potions of flight
 O - a potion of ambrosia
 Z - a potion of might
Miscellaneous
 j - a fan of gales
 E - a lightning rod (4/4)
 J - a phantom mirror
 V - a phial of floods
Comestibles
 d - 15 royal jellies
 f - 23 bread rations
 g - 5 meat rations


   Skills:
 - Level 11.4 Fighting
   Level 2.1(16.2) Short Blades
 - Level 20.4(20.5) Long Blades
 - Level 16.3 Armour
 + Level 17.5 Dodging
 - Level 21.0 Shields
 - Level 3.8 Spellcasting
 - Level 5.5 Charms
 - Level 5.6 Translocations
 - Level 11.9 Invocations


You had 25 spell levels left.
You knew the following spells:

 Your Spells              Type           Power        Failure   Level  Hunger
a - Repel Missiles        Chrm/Air       #.....       100%        2    ##.....
b - Blink                 Tloc           N/A          86%         2    ##.....


Dungeon Overview and Level Annotations

Branches:
Dungeon (15/15)            Temple (0/1) D:4            Lair (6/6) D:10
 Shoals (1/4) Lair:4        Snake (4/4) Lair:4        Slime (0/5) Lair:6
    Orc (2/2) D:11            Elf (0/3) Orc:2        Vaults (3/5) D:14
  Crypt (3/3) Vaults:3       Tomb (1/3) Crypt:3      Depths (2/5) D:15

Altars:
Ashenzari
Cheibriados
Gozag
Kikubaaqudgha
Nemelex Xobeh
Okawaru
Sif Muna
Trog
Vehumet
Xom
Yredelemnul
The Shining One
Beogh

Shops:
D:8 }   D:12 **:(*   D:15 (   Orc:2 (*:[   Snake:2 %%(*   Snake:3 ((*
Vaults:1 %

Portals:
Hell: Depths:1 Depths:2

Annotations:
D:7 Duffy's ghost, novice DEFE
D:13 exclusion: 2 doors
Lair:6 exclusion: oklob plant


Innate Abilities, Weirdness & Mutations

You are small and have problems with some larger weapons.
You are somewhat resistant to further mutation.


Message History

Something closely misses your angel. x2; Something misses your angel.
The ancient champion casts a spell at you.
The stone arrow hits you!
The emperor scorpion is engulfed in dark miasma.
The emperor scorpion stings your ushabti but does no damage.
The emperor scorpion claws your ushabti. x2
You feel better.
The emperor scorpion stings your ushabti!!
Your ushabti is destroyed!
Something stings your angel!
Your angel looks as sick as possible!
Something poisons your angel!
Something claws your angel but does no damage. x2
Your angel hits the greater mummy with a sacred scourge of holy wrath!
The greater mummy convulses.
Your angel hits the greater mummy with a sacred scourge of holy wrath.
The greater mummy convulses.
The greater mummy gestures at the emperor scorpion while chanting.
Something smites you!
You die...

.................................
##########.......################
#.8...8.# #.......# #.......#
#.8...8.# #.......# #.......#
#.8...8@# #.....z§# #.....z.#
#.8...88# #...s.M.# ##'''ss##
###....Ms.### #......MAs..#
#.......s...#


You could see 3 greater mummies, 4 emperor scorpions, an ancient champion, a
skeletal warrior, a friendly angel and a friendly ushabti.

Vanquished Creatures
  Mennas (Crypt:3)
  A greater mummy (Crypt:3)
  Sojobo (Vaults:2)
  Frederick (Crypt:1)
  Vashnia (Snake:3)
  Jory (Crypt:3)
  4 liches
  A tentacled monstrosity (Vaults:3)
  Asterion (Vaults:3)
  7 sphinxes
  A deep elf blademaster (Depths:2)
  Gastronok (Lair:2)
  Donald (Snake:1)
  A storm dragon (Lair:4)
  A revenant (Crypt:1)
  A fire giant (Depths:2)
  3 frost giants
  2 tengu reavers (Vaults:2)
  11 nagarajas (Snake:4)
  3 orc warlords
  A deep elf sorcerer (Vaults:1)
  7 vault wardens
  A curse skull (Crypt:2)
  2 reapers (Crypt:3)
  5 ghouls (Crypt:2)
  A very ugly thing (D:15)
  3 vampire knights
  9 ironheart preservers
  3 stone giants
  An entropy weaver (Lair:5)
  A deep elf demonologist (Vaults:1)
  7 eidola
  Snorg (Lair:6)
  3 ettins
  4 deep elf death magi
  6 yaktaur captains
  3 fire dragons
  A quicksilver dragon zombie (Crypt:3)
  6 jiangshi
  The ghost of PeterLawrence the Bludgeoner, a journeyman MiFi of Okawaru (Bailey)
  A quicksilver dragon skeleton (Crypt:3)
  2 ice dragons (Depths:2)
  3 rakshasas
  11 vault guards
  7 hydras
  Erolcha (D:13)
  7 centaur warriors
  22 naga warriors
  7 ogre magi
  10 anacondas
  4 death knights
  Erica (D:8)
  12 death scarabs (Tomb:1)
  A queen ant (Lair:5)
  30 two-headed ogres
  3 vampire magi
  A deep troll earth mage (Depths:1)
  3 orc high priests (Orc:2)
  24 naga sharpshooters
  A soul eater (Crypt:3)
  10 shock serpents
  5 deep elf knights
  A titan zombie (Crypt:3)
  A shadow wraith (Crypt:3)
  17 skeletal warriors
  4 hell knights (Vaults:2)
  2 unseen horrors
  2 ghost moth zombies (Crypt:1)
  2 storm dragon skeletons (Crypt:3)
  10 naga ritualists
  2 flayed ghosts
  3 deep elf archers
  9 deep trolls
  5 sea snakes (Snake:3)
  3 golden dragon skeletons
  9 ironbrand convokers
  19 orc knights
  6 wizards
  8 phantasmal warriors
  8 necromancers
  A frost giant zombie (Crypt:3)
  8 orc sorcerers
  15 mana vipers
  8 deep elf magi
  2 wolf spiders
  A salamander (shapeshifter) (Depths:1)
  30 ugly things
  6 cyclopes
  5 salamanders
  A manticore (D:13)
  A dire elephant zombie (Crypt:3)
  2 merfolk sirens (Lair:4)
  An iron dragon skeleton (Crypt:1)
  14 elephants
  A stone giant skeleton (Tomb:1)
  2 guardian serpents (Snake:2)
  A water nymph (Lair:4)
  47 black mambas
  A centaur zombie (D:15)
  A gargoyle (D:15)
  8 vault sentinels
  20 naga magi
  26 spiny frogs
  An emperor scorpion zombie (Crypt:1)
  4 centaur skeletons
  An ice devil (Depths:1)
  A tengu conjurer (Depths:2)
  An efreet (D:15)
  A white draconian zombie (Crypt:2)
  A sea snake zombie (Crypt:1)
  6 komodo dragons
  10 hellwings (Crypt:3)
  2 rime drakes
  6 freezing wraiths
  An anaconda simulacrum (Crypt:2)
  26 yaktaurs
  A pale draconian skeleton (Crypt:2)
  A harpy zombie (Crypt:2)
  2 guardian mummies (Tomb:1)
  A queen bee (shapeshifter) (Vaults:1)
  4 trolls
  A hydra zombie (Crypt:3)
  A polar bear (Lair:6)
  A queen bee (Lair:2)
  2 merfolk (Lair:4)
  A wind drake (shapeshifter) (Vaults:2)
  Grinder (D:3)
  A minotaur skeleton (Crypt:1)
  4 tyrant leeches (Lair:6)
  3 bog bodies (Crypt:2)
  43 blink frogs
  A death drake skeleton (Crypt:2)
  2 hornets
  9 slime creatures
  A hydra skeleton (Crypt:1)
  A blink frog (shapeshifter) (Vaults:1)
  7 dream sheep (Lair:6)
  A stone giant simulacrum (Crypt:1)
  An iron dragon simulacrum (Crypt:1)
  2 fire dragon zombies
  2 alligator zombies
  A centaur simulacrum (D:15)
  5 hippogriffs
  An ettin zombie (Crypt:1)
  3 water elementals (D:14)
  A spriggan (D:12)
  7 flying skulls
  A shadow (D:15)
  14 wraiths
  A human (shapeshifter) (D:13)
  A vampire (D:14)
  5 wyverns
  4 basilisks
  An alligator skeleton (Crypt:3)
  A fire dragon skeleton (Crypt:3)
  An ushabti (Tomb:1)
  3 fire bats (Lair:2)
  A human (D:12)
  33 yaks
  A black mamba skeleton (Crypt:3)
  3 hungry ghosts
  8 vampire mosquitoes
  A merfolk zombie (Crypt:1)
  38 nagas
  4 wargs
  An acid dragon (D:15)
  10 soldier ants
  A soldier ant (shapeshifter) (Depths:2)
  17 water moccasins
  2 merfolk skeletons (Crypt:2)
  15 porcupines
  2 sky beasts
  2 hornet zombies (D:13)
  51 orc warriors
  An eye of draining (D:14)
  2 necrophages
  6 ice beasts
  A swamp dragon zombie (Crypt:2)
  29 ogres
  A black bear (D:9)
  4 phantoms
  A hog zombie (Crypt:1)
  26 centaurs
  4 boggarts (Vaults:1)
  7 wolves
  A snapping turtle skeleton (Crypt:3)
  16 crocodiles
  A fire crab zombie (Crypt:2)
  5 big kobolds
  Blork the orc (D:6)
  A big kobold (shapeshifter) (Vaults:2)
  31 bullfrogs
  5 wyvern skeletons (Crypt:3)
  4 scorpions
  29 killer bees
  3 wights (D:12)
  An electric eel (Lair:6)
  10 crimson imps
  A bullfrog zombie (D:12)
  4 hounds
  12 jellies
  19 orc wizards
  A bullfrog skeleton (D:10)
  21 orc priests
  An iron imp (D:9)
  Crazy Yiuf (D:3)
  7 iguanas
  23 worker ants
  A hound skeleton (D:9)
  6 mummies
  14 adders
  17 gnolls
  2 howler monkey skeletons
  2 shadow imps
  2 oozes (Lair:6)
  2 worms (D:3)
  2 dart slugs
  5 leopard geckos
  133 orcs
  8 bats
  A giant cockroach (D:3)
  8 goblins
  7 hobgoblins
  9 jackals
  7 quokkas
  3 ball pythons
  10 frilled lizards
  22 kobolds
  A leopard gecko skeleton (D:5)
  An orc zombie (Crypt:2)
  2 quokka skeletons
  4 rats (D:2)
  3 plants (D:14)
1536 creatures vanquished.

Vanquished Creatures (collateral kills)
  Khufu (Crypt:3)
  An ancient lich (Crypt:3)
  Margery (Vaults:2)
  The ghost of PeterLawrence the Slayer, a veteran GrFi of Okawaru (Crypt:1)
  A frost giant (Depths:2)
  6 nagarajas (Snake:4)
  A very ugly thing (Depths:1)
  2 reapers (Crypt:3)
  An eidolon (Crypt:3)
  2 mummy priests
  A great orb of eyes (Depths:2)
  A rakshasa (Depths:2)
  2 naga warriors (Snake:4)
  An anaconda (Snake:4)
  A naga sharpshooter (Snake:4)
  A soul eater (Crypt:3)
  A titan skeleton (Crypt:3)
  A skeletal warrior (Crypt:3)
  A hell knight (Vaults:2)
  A flayed ghost (Depths:2)
  An anaconda zombie (Crypt:3)
  A golden dragon zombie (Crypt:3)
  3 phantasmal warriors
  2 naga ritualists (Snake:4)
  An ugly thing (Depths:1)
  5 orc knights (Depths:2)
  A mana viper (Snake:4)
  6 necromancers (Crypt:3)
  A shadow dragon skeleton (Crypt:3)
  A fire giant zombie (Crypt:3)
  2 frost giant zombies
  2 guardian serpents (Snake:4)
  A naga mage (Snake:4)
  2 black mambas (Snake:4)
  2 freezing wraiths (Crypt:3)
  An emperor scorpion zombie (Crypt:3)
  3 hellwings (Crypt:3)
  5 guardian mummies
  3 flying skulls (Tomb:1)
  An ushabti (Crypt:3)
  A shadow (Crypt:1)
  A two-headed ogre zombie (Crypt:1)
  16 nagas (Snake:4)
  A manticore skeleton (Crypt:1)
  3 wyvern skeletons (Crypt:3)
  An iron imp (Depths:2)
  3 mummies
98 creatures vanquished.

Vanquished Creatures (others)
  A blink frog (Lair:6)
  A naga (Snake:4)
  An orc wizard (Vaults:2)
  28 fungi
  62 plants
  10 withered plants (Crypt:3)
103 creatures vanquished.

Grand Total: 1737 creatures vanquished

Notes
Turn   | Place    | Note
-------+----------+-------------------------------------------
     0 | D:1      | nono the Halfling Fighter began the quest for the Orb.
     0 | D:1      | Reached XP level 1. HP: 15/15 MP: 1/1
    92 | D:1      | Reached XP level 2. HP: 17/20 MP: 2/2
   325 | D:1      | Reached XP level 3. HP: 22/25 MP: 3/3
   572 | D:2      | Found a shattered altar of Ashenzari.
   750 | D:2      | Found a radiant altar of Vehumet.
   755 | D:2      | Found a glowing golden altar of the Shining One.
   811 | D:2      | Became a worshipper of the Shining One
   940 | D:2      | Reached XP level 4. HP: 27/30 MP: 4/4
   993 | D:2      | Reached skill level 4 in Shields
  1703 | D:3      | Reached XP level 5. HP: 32/35 MP: 5/5
  2024 | D:3      | Found a runed door.
  2028 | D:3      | Noticed Crazy Yiuf
  2045 | D:3      | Killed Crazy Yiuf
  2045 | D:3      | Reached XP level 6. HP: 15/41 MP: 2/6
  2236 | D:3      | Noticed Grinder
  2247 | D:3      | Paralysed by Grinder for 3 turns
  2251 | D:3      | Paralysed by Grinder for 5 turns
  2254 | D:3      | Killed Grinder
  2254 | D:3      | Reached skill level 5 in Armour
  2254 | D:3      | Reached skill level 5 in Shields
  2254 | D:3      | Reached XP level 7. HP: 26/45 MP: 5/7
  2477 | D:4      | Found a staircase to the Ecumenical Temple.
  2692 | D:4      | Reached skill level 5 in Long Blades
  2692 | D:4      | Reached skill level 6 in Shields
  2692 | D:4      | Reached XP level 8. HP: 51/51 MP: 8/8
  3222 | D:5      | Entered Level 5 of the Dungeon
  3255 | D:5      | Found an opulent altar of Gozag.
  3288 | D:5      | Found a sparkling altar of Nemelex Xobeh.
  3691 | D:5      | Noticed Prince Ribbit
  3692 | D:5      | Noticed Prince Ribbit
  3692 | D:5      | Prince Ribbit changed into Prince Ribbit the naga
  3707 | D:5      | Killed Prince Ribbit the naga
  3919 | D:5      | Reached * piety under the Shining One
  4108 | D:6      | Reached skill level 7 in Shields
  4210 | D:6      | Reached XP level 9. HP: 45/55 MP: 7/9
  4288 | D:6      | Found a deep blue altar of Sif Muna.
  4368 | D:6      | Found a shimmering altar of Xom.
  4402 | D:6      | Noticed Blork the orc
  4432 | D:6      | Killed Blork the orc
  4475 | D:6      | Found a bloodstained altar of Trog.
  4724 | D:6      | Reached skill level 8 in Shields
  4867 | D:7      | Noticed Duffy's ghost (novice DEFE)
  6638 | D:8      | Noticed Erica
  6656 | D:8      | Killed Erica
  6656 | D:8      | Reached skill level 9 in Shields
  6656 | D:8      | Reached XP level 10. HP: 51/61 MP: 10/10
  6684 | D:8      | Found Qinug's Gadget Boutique.
  6876 | D:9      | Reached ** piety under the Shining One
  6941 | D:9      | Found a snail-covered altar of Cheibriados.
  7146 | D:9      | Found an ancient bone altar of Kikubaaqudgha.
  7398 | D:9      | Noticed a two-headed ogre
  7408 | D:9      | Killed a two-headed ogre
  7408 | D:9      | Reached skill level 10 in Armour
  7484 | D:9      | Reached skill level 10 in Shields
  7515 | D:9      | Noticed a two-headed ogre
  7536 | D:9      | Killed a two-headed ogre
  7643 | D:10     | Entered Level 10 of the Dungeon
  7825 | D:10     | Reached XP level 11. HP: 66/66 MP: 11/11
  7946 | D:10     | Found a staircase to the Lair.
  8135 | D:10     | Noticed a two-headed ogre
  8142 | D:10     | Killed a two-headed ogre
  8142 | D:10     | Reached skill level 10 in Long Blades
  8142 | D:10     | Reached skill level 11 in Shields
  8539 | Lair:1   | Entered Level 1 of the Lair of Beasts
  9042 | Lair:1   | Reached XP level 12. HP: 60/72 MP: 12/12
  9390 | Lair:2   | Reached *** piety under the Shining One
  9643 | Lair:2   | Found a dark tunnel.
  9654 | Lair:2   | Reached skill level 12 in Shields
  9857 | Lair:2   | Noticed Gastronok
  9885 | Lair:2   | Killed Gastronok
  9957 | Lair:2   | Reached skill level 5 in Fighting
 10057 | Lair:2   | Learned a level 2 spell: Repel Missiles
 10106 | Lair:2   | Reached skill level 1 in Dodging
 10366 | Lair:3   | Reached skill level 1 in Short Blades
 10593 | Lair:3   | Reached XP level 13. HP: 71/81 MP: 13/13
 11759 | Lair:4   | Noticed a seven-headed hydra
 11790 | Lair:4   | Killed a one-headed hydra
 11790 | Lair:4   | Reached skill level 13 in Shields
 12038 | Lair:4   | Found a staircase to the Snake Pit.
 12152 | Lair:4   | Found a staircase to the Shoals.
 12698 | Lair:5   | Noticed a six-headed hydra
 12709 | Lair:5   | Killed a one-headed hydra
 12734 | Lair:5   | Noticed an entropy weaver
 12747 | Lair:5   | Reached skill level 5 in Dodging
 12896 | Shoals:1 | Entered Level 1 of the Shoals
 12986 | Lair:5   | Reached XP level 14. HP: 84/90 MP: 14/14
 13245 | Lair:5   | Reached **** piety under the Shining One
 13334 | Lair:5   | Noticed an entropy weaver
 13397 | Lair:4   | You fall through a shaft for 2 floors!
 13397 | Lair:6   | Entered Level 6 of the Lair of Beasts
 13819 | Lair:6   | Reached skill level 15 in Long Blades
 13999 | Lair:6   | Found a staircase to the Slime Pits.
 14008 | Lair:6   | Noticed Snorg
 14042 | Lair:6   | Killed Snorg
 14231 | Lair:6   | Reached ***** piety under the Shining One
 14239 | Lair:6   | Reached XP level 15. HP: 94/94 MP: 15/15
 14304 | Lair:6   | Reached skill level 10 in Dodging
 14704 | Lair:6   | Got a pitted hunting sling
 14705 | Lair:6   | Identified the cursed +1 hunting sling "Votery" {venom, Int+3} (You found it on level 6 of the Lair of Beasts)
 15023 | Snake:1  | Entered Level 1 of the Snake Pit
 15055 | Lair:4   | Noticed a storm dragon
 15055 | Lair:4   | an entropy weaver changed into a storm dragon
 15239 | D:11     | Found a flagged portal.
 15254 | Bailey   | Entered a bailey
 15548 | Bailey   | Noticed PeterLawrence's ghost (journeyman MiFi)
 15584 | Bailey   | Killed PeterLawrence's ghost
 15950 | D:11     | Found a roughly hewn altar of Beogh.
 15950 | D:11     | Found a staircase to the Orcish Mines.
 16031 | Orc:1    | Entered Level 1 of the Orcish Mines
 16267 | Orc:2    | Entered Level 2 of the Orcish Mines
 16278 | Orc:2    | Noticed an orc warlord
 16445 | Orc:1    | Killed an orc warlord
 16576 | Orc:2    | Reached skill level 1 in Invocations
 16597 | Orc:2    | Found Exkawk's Antique Armour Boutique.
 16718 | Orc:2    | Found Seujomih's Book Shoppe.
 16967 | Orc:2    | Found a staircase to the Elven Halls.
 17023 | Orc:2    | Found Keduam's General Store.
 17033 | Orc:2    | Bought a potion of heal wounds for 75 gold pieces
 17038 | Orc:2    | Found Numperr's Antique Weapon Boutique.
 17038 | Orc:2    | Paralysed by an orc sorcerer for 4 turns
 17217 | Orc:2    | Reached skill level 5 in Invocations
 17481 | Orc:2    | Paralysed by an orc sorcerer for 2 turns
 17574 | Orc:2    | Bought the amulet "Fuv Own" {Spirit rF+} for 660 gold pieces
 17836 | Orc:2    | Found a roughly hewn altar of Beogh.
 18027 | Orc:2    | Bought a potion of flight for 45 gold pieces
 18163 | D:12     | Found Tuasig's Book Boutique.
 18183 | D:12     | Found Ucwol's Assorted Antiques.
 18192 | D:12     | Bought an agate ring for 165 gold pieces
 18244 | D:12     | Reached XP level 16. HP: 101/101 MP: 20/20
 18362 | D:12     | Found Foirut's Weapon Shop.
 18441 | D:12     | Found a portal to a secret trove of treasure.
 18501 | D:12     | Reached ****** piety under the Shining One
 18570 | D:12     | Got a brightly glowing tin ring
 18571 | D:12     | Identified the ring "Zanehepp" {Int+2 Slay+1} (You found it on level 12 of the Dungeon)
 18781 | D:12     | Found Mefank's General Store.
 18789 | D:12     | Bought a scroll of acquirement for 728 gold pieces
 18875 | D:12     | Found Dyfoggia's General Store.
 18958 | D:13     | Noticed Erolcha
 18969 | D:13     | Killed Erolcha
 18969 | D:13     | Reached skill level 14 in Shields
 19734 | D:13     | Got a jade-encrusted chain mail
 19745 | D:13     | Identified the cursed +1 chain mail of Daits {*Corrode Str+3 Dex+2} (You found it on level 13 of the Dungeon)
 20065 | D:14     | Reached skill level 15 in Shields
 20319 | D:14     | Found a gate to the Vaults.
 20751 | Lair:4   | Killed a storm dragon
 20751 | Lair:4   | Reached skill level 16 in Shields
 21556 | Snake:1  | Noticed Donald
 21573 | Snake:1  | Killed Donald
 22096 | Snake:2  | Reached XP level 17. HP: 76/107 MP: 18/21
 22640 | Snake:2  | Found Tyruw's Antique Weapon Shop.
 22640 | Snake:2  | Found Sotzasi's Food Boutique.
 22641 | Snake:2  | Found Liwatearchu's Food Boutique.
 22643 | Snake:2  | Found Eremubua's Assorted Antiques.
 22677 | Snake:2  | Bought a potion of resistance for 280 gold pieces
 24534 | Snake:3  | Reached skill level 17 in Shields
 24604 | Snake:3  | Noticed Vashnia
 24696 | Snake:3  | Killed Vashnia
 25081 | Snake:3  | Found Wic Uhomov's General Store.
 25085 | Snake:3  | Found Cigaos's Antique Weapon Shoppe.
 25087 | Snake:3  | Found Teith's Weapon Emporium.
 25734 | Snake:3  | Reached skill level 15 in Armour
 26145 | Snake:2  | Reached XP level 18. HP: 100/112 MP: 22/22
 26688 | Snake:4  | Entered Level 4 of the Snake Pit
 28257 | Snake:4  | Reached skill level 18 in Shields
 29520 | Snake:4  | Reached XP level 19. HP: 39/117 MP: 10/23
 29587 | Snake:4  | The Shining One protects you from harm!
 29614 | Snake:4  | Got a serpentine rune of Zot
 30810 | D:15     | Entered Level 15 of the Dungeon
 31081 | D:15     | Found Vyclicar's Antique Weapon Emporium.
 31174 | D:15     | Reached skill level 10 in Invocations
 31256 | D:15     | Found a staircase to the Depths.
 31759 | Depths:1 | Entered Level 1 of the Depths
 31767 | Depths:1 | Found a gateway to Hell.
 31814 | Depths:1 | Noticed a lich
 31831 | Depths:1 | Killed a lich
 33613 | Depths:1 | Reached XP level 20. HP: 108/128 MP: 28/28
 34108 | Depths:2 | Reached skill level 10 in Fighting
 34591 | Depths:2 | Got a jewelled scimitar {drain}
 34592 | Depths:2 | Identified the +4 scimitar "Rimaf" {drain, +Rage Int+3 Stlth-} (You took it off an orc knight on level 2 of the Depths)
 34745 | Depths:2 | Got an ancient plate armour
 34746 | Depths:2 | Identified the +1 plate armour of the Beggar {Str+7 Int-4} (You took it off an orc warlord on level 2 of the Depths)
 34751 | Depths:2 | Got an uncursed blackened morningstar {antimagic}
 34752 | Depths:2 | Identified the +8 morningstar of Makhleb's Displeasure {antimagic, *Noise Str+2 Stlth+} (You took it off an orc warlord on level 2 of the Depths)
 34846 | Depths:2 | Found an iron altar of Okawaru.
 35368 | Vaults:1 | Entered Level 1 of the Vaults
 35961 | Vaults:1 | Reached skill level 19 in Shields
 36136 | Vaults:1 | Got an encrusted cloak
 36137 | Vaults:1 | Identified the +4 cloak of the Armoured One {rF+ Int+5 Dex+3} (You found it on level 1 of the Vaults)
 36377 | Vaults:1 | Reached XP level 21. HP: 141/141 MP: 29/29
 36619 | Vaults:1 | Found Pitwibes's Food Emporium.
 37521 | Vaults:2 | Noticed Sojobo
 37531 | Vaults:2 | Noticed Margery
 37551 | Vaults:2 | Killed Margery
 37582 | Vaults:2 | Reached skill level 20 in Shields
 37611 | Vaults:2 | Killed Sojobo
 39113 | Vaults:3 | Reached XP level 22. HP: 119/146 MP: 28/30
 39162 | Vaults:3 | Identified a +9 eudemon blade of holy wrath (a +7 demon blade of flaming blessed by the Shining One)
 39162 | Vaults:3 | Received a gift from the Shining One
 39185 | Vaults:3 | Found a staircase to the Crypt.
 39185 | Vaults:3 | Found an ancient bone altar of Kikubaaqudgha.
 39185 | Vaults:3 | Found a basalt altar of Yredelemnul.
 39185 | Vaults:3 | Noticed Asterion
 39205 | Vaults:3 | Killed Asterion
 39270 | Crypt:1  | Entered Level 1 of the Crypt
 39324 | Crypt:1  | Noticed PeterLawrence's ghost (veteran GrFi)
 39365 | Crypt:1  | HP: 7/146 [PeterLawrence's ghost (6)]
 39365 | Crypt:1  | Killed PeterLawrence's ghost
 39657 | Crypt:1  | Noticed Frederick
 39673 | Crypt:1  | Killed Frederick
 39985 | Crypt:1  | Reached skill level 21 in Shields
 40543 | Crypt:2  | Learned a level 2 spell: Blink
 40694 | Crypt:2  | Reached skill level 1 in Charms
 40694 | Crypt:2  | Reached skill level 1 in Translocations
 40699 | Crypt:2  | Reached skill level 1 in Spellcasting
 41086 | Crypt:2  | Found an ancient bone altar of Kikubaaqudgha.
 41280 | Crypt:3  | Entered Level 3 of the Crypt
 41284 | Crypt:3  | Noticed Mennas
 41314 | Crypt:3  | Killed Mennas
 41456 | Crypt:3  | Found an ancient bone altar of Kikubaaqudgha.
 41563 | Crypt:3  | Reached skill level 5 in Translocations
 41577 | Crypt:3  | Reached skill level 5 in Charms
 41608 | Crypt:3  | Noticed an ancient lich
 41613 | Crypt:3  | Reached XP level 23. HP: 152/152 MP: 27/31
 41620 | Crypt:3  | Killed an ancient lich
 41643 | Crypt:3  | Identified the Tome of the Mountains and Envenoming
 41879 | Crypt:3  | Found a staircase to the Tomb.
 41954 | Tomb:1   | Entered Level 1 of the Tomb of the Ancients
 42004 | Crypt:3  | Noticed Jory
 42016 | Crypt:3  | Killed Jory
 42038 | Crypt:3  | Noticed Khufu
 42083 | Crypt:3  | Noticed a greater mummy
 42091 | Crypt:3  | Killed Khufu
 42103 | Crypt:3  | Killed a greater mummy
 42103 | Crypt:3  | Reached skill level 15 in Dodging
 43000 | Tomb:1   | Noticed a greater mummy
 43007 | Tomb:1   | Noticed a greater mummy
 43009 | Tomb:1   | Noticed a greater mummy
 43030 | Tomb:1   | Killed from afar by a greater mummy

Vault maps used:
D:1:      lordsloth_arrival_two_stooges
D:2:      chequers_temple_overflow_statue_of_worship,
          nicolae_overflow_crystal_walls
D:3:      uniq_grinder, uniq_crazy_yiuf_cottage
D:4:      wad_crossroads, first_bread
D:5:      grunt_gozag_statues, basic_altar, uniq_prince_ribbit1
D:6:      kennysheep_mini, marbit_many_paths, kennysheep_mini_moat,
          uniq_blork_the_orc
D:8:      serial_shops, nicolae_shop_behind_doors, uniq_erica
D:9:      slow_altar_1, lemuel_doored_altar, stair_cage_line
D:10:     minmay_lair_entry_grove
D:11:     david_orc_5, enter_bailey_7
D:12:     serial_shops, nicolae_shop_crystal, shop, shop, nicolae_shop_stone,
          nicolae_shop_stone, nicolae_trove_entry_crystal, hangedman_stone_soup
D:13:     st_stairs_7, kennysheep_opposing_triangles, uniq_erolcha
D:14:     lightli_vaults_fourway_checkpoint, minmay_strange_pillars,
          serial_bayou_lagoon_a
D:15:     grunt_enter_depths_magical_seal, serial_shops, shop,
          minmay_misc_feat_encased
Lair:2:   special_room, nicolae_volcano_entry_batcave, lemuel_another_geyser,
          uniq_gastronok
Lair:3:   beast_lair_carwin_11, grunt_megastairs_2
Lair:4:   elwin_shoals_entry_stream, minmay_snake_entry_six_corridors
Lair:5:   statuecave_lemuel, serial_forest, infiniplex_forest_lined_2,
          infiniplex_forest_clump_double, infiniplex_forest_clump_long,
          infiniplex_forest_straight_3, infiniplex_forest_lined_2,
          infiniplex_forest_clump_diagonal, infiniplex_forest_straight_3,
          infiniplex_forest_clump_double, minmay_another_anthill
Lair:6:   minmay_lair_end_frog_pond, nicolae_slime_entry_slimehenge, uniq_snorg
Shoals:1: argonaut_golden_fleece, serial_shops, shop,
          portal_ice_cave_entry_pillars_three
Snake:1:  st_stairs_2, serial_bayou_pond_c, grunt_ministairs_2, uniq_donald
Snake:2:  minmay_shoptagon
Snake:3:  st_stairs_12, minmay_shop_star, basic_stair_grate_trap,
          serial_bayou_shore_a, grunt_megastairs_3, uniq_vashnia
Snake:4:  grunt_snake_rune_spirals, grunt_ministairs_14
Orc:1:    basic_altar
Orc:2:    grunt_orc_gardens, grunt_orc_garden, grunt_orc_garden,
          grunt_orc_garden, grunt_orc_garden, minmay_orc_temple_c
Vaults:1: vaults_room_semicircle, v_misc_24, hangedman_vaults_cutoff,
          nicolae_vaults_rhombus_7, ontoclasm_vaults_loading_screen, v_misc_11,
          ontoclasm_vaults_spin, grunt_vaults_diagonal, grunt_vaults_twisty,
          ontoclasm_vaults_chip, vaults_dpeg_ring, ontoclasm_vaults_ring_small,
          hangedman_vaults_snaps, serial_shops, nicolae_shop_behind_doors
Vaults:2: nicolae_vaults_angled_halls, nicolae_vaults_little_squares_2,
          nicolae_vaults_windows_and_doors_thing, vaults_mumra_hexcomb,
          nicolae_vaults_little_squares_1, nicolae_vaults_little_squares_2,
          v_pattern_4, vaults_dpeg_hooks, uniq_margery, uniq_sojobo
Vaults:3: vaults_standard_mumra_enter_the_diamond, hangedman_vaults_slither,
          nicolae_vaults_three_branches, v_misc_8, vaults_room_semicircle,
          minmay_crypt_entry_necro_gods, v_rooms_2, ontoclasm_vaults_gallery,
          hangedman_vaults_corner, v_misc_27, vaults_room_pool,
          ontoclasm_vaults_decontamination, nicolae_vaults_asterisk,
          vaults_mumra_lcd, enter_trove_3, basic_altar, serial_shops,
          nicolae_shop_trees, uniq_asterion
Crypt:1:  roderic_lattice_octagonal_star, grunt_crypt_arrival_split,
          uniq_frederick
Crypt:2:  basic_altar
Crypt:3:  evilmike_haunted_forest, uniq_mennas, uniq_khufu, uniq_jory
Depths:1: corexii_hall_statues_t, hangedman_coc_ice_floe,
          serial_sigils_hangedman_gnaw, roderic_hopi_sauvastika,
          bh_walls_and_bars
Depths:2: evilmike_iron_armoury, grunt_hell_entry_dis_mu, cheibriados_altar_1,
          infiniplex_staircase_zigzag_2
Bailey:   bailey_polearm_5, bailey

Skill      XL: |  1  2  3  4  5  6  7  8  9 10 11 12 13 14 15 16 17 18 19 20 21 22 23 |
---------------+----------------------------------------------------------------------+-----
Armour         | 4 5 6 7 9 10 11 12 13 15 16 | 16.3
Shields        | 4 5 6 7 9 10 11 12 13 16 17 18 19 20 21 | 21.0
Long Blades    | 3 4 5 6 8 9 10 12 13 15 16 17 18 19 20 | 20.4
Fighting       | 3 5 6 8 11 | 11.4
Dodging        | 1 5 9 11 17 | 17.5
Short Blades   | 1 2 |  2.1
Invocations    | 5 11 | 11.9
Charms         | 5 |  5.5
Translocations | 5 |  5.6
Spellcasting   | 3 |  3.8

Action                   |  1- 3 |  4- 6 |  7- 9 | 10-12 | 13-15 | 16-18 | 19-21 | 22-24 || total
-------------------------+-------+-------+-------+-------+-------+-------+-------+-------++-------
Melee: Long sword        |    14 |       |    62 |       |       |       |       |       ||    76
       Dagger            |    85 |   189 |   357 |    56 |       |       |       |       ||   687
       Scimitar          |       |       |       |   467 |  1529 |  1804 |  1838 |    29 ||  5667
       Eudemon blade     |       |       |       |       |       |       |       |   775 ||   775
Invok: Divine Shield     |       |       |       |       |     5 |     3 |     3 |     1 ||    12
       Summon Divine War |       |       |       |       |       |     2 |    11 |    12 ||    25
       Cleansing Flame   |       |       |       |       |       |       |     4 |     3 ||     7
       Brand Weapon With |       |       |       |       |       |       |       |     1 ||     1
Evoke: Wand              |       |       |     3 |       |    16 |     6 |       |     1 ||    26
  Use: Potion            |       |       |     4 |     1 |    12 |    13 |     5 |     3 ||    38
       Scroll            |       |       |     3 |     9 |    17 |    11 |    15 |     2 ||    57
  Eat: Chunk             |       |     4 |    10 |    13 |    24 |    14 |    17 |     2 ||    84
       Beef jerky        |       |       |     2 |       |       |     7 |     2 |     1 ||    12
       Pizza             |       |       |     1 |       |     1 |     2 |     1 |       ||     5
       Fruit             |       |       |     1 |       |     3 |       |       |       ||     4
       Meat ration       |       |       |       |       |       |     2 |     3 |     3 ||     8
       Royal jelly       |       |       |       |       |       |     1 |       |       ||     1
Armor: Scale mail        |    25 |    48 |   105 |       |       |       |       |       ||   178
       Plate armour      |       |       |    17 |   169 |   303 |       |       |       ||   489
       Crystal plate arm |       |       |       |       |   141 |   450 |   552 |   242 ||  1385
Dodge: Dodged            |    29 |    54 |    95 |   174 |   611 |   537 |   479 |   201 ||  2180
Block: Shield            |    42 |   111 |   216 |   350 |  1193 |  1195 |  1247 |   502 ||  4856
       Rpst.: Long sword |     1 |       |     1 |       |       |       |       |       ||     2
       Scimitar          |       |       |       |    56 |   143 |   112 |   105 |       ||   416
       Eudemon blade     |       |       |       |       |       |       |       |    40 ||    40
